Map: Coda LE (Void)

Players

getthekimchi

  • Race: Terran Terran

AgCl - Winner!

  • Race: Protoss Protoss

VOD

Have the link to the VOD?

Description

Time

  • Played on: May 1, 2015, 8:46 p.m.
  • Length: 20:14
Show
View Real Time Build Order
Export as new Build Order

getthekimchi Terran 

Build Orders: Cyclone Opening 

Get SALT Encoding   

  12  0:01  SCV  
  13  0:13  SCV  
  14  0:19  Supply Depot  
  14  0:25  SCV  
  15  0:30  Refinery  
  15  0:40  SCV  
  16  0:45  Barracks  
  16  0:52  SCV  
  17  1:04  SCV  
  17  1:07  Supply Depot  
  18  1:16  SCV  
  19  1:32  Orbital Command  
  19  1:34  Factory  
  19  1:35  Marine  
  20  1:53  Reaper  
  21  1:55  Refinery  
  21  1:57  SCV, Missile Turret  
  22  2:10  SCV  
  23  2:19  Factory Tech Lab  
  23  2:25  SCV, Marine  
  23  2:29  Supply Depot  
  25  2:37  SCV  
  25  2:43  Cyclone  
  29  2:45  Marine  
  29  2:49  SCV  
  31  3:01  SCV  
  31  3:03  Marine  
  33  3:14  SCV  
  32  3:20  Marine  
  32  3:21  Cyclone  
  32  3:26  SCV  
  37  3:38  SCV  
  38  3:44  Marine  
  39  3:50  Command Center  
  39  3:55  SCV  
  40  4:01  Missile Turret  
  40  4:10  SCV  
  40  4:13  Supply Depot, Cyclone  
  44  4:33  SCV  
  44  4:41  Factory  
  44  4:43  Factory, Refinery  
  44  4:44  Supply Depot  
  44  4:45  SCV  
  45  4:46  Cyclone  
  45  4:50  Refinery  
  49  4:54  Barracks Reactor  
  49  4:57  SCV  
  48  5:09  SCV  
  48  5:21  SCV  
  46  5:33  Marine x2  
  46  5:34  SCV  
  49  5:35  Cyclone  
  49  5:38  Armory, Orbital Command  
  52  5:46  SCV  
  50  5:59  SCV  
  51  6:05  SCV  
  52  6:11  SCV  
  52  6:16  Command Center  
  52  6:17  SCV  
  54  6:23  SCV, Factory  
  55  6:26  Terran Vehicle and Ship Weapons Level 1  
  55  6:29  SCV  
  56  6:35  SCV, Unknown  
  57  6:41  SCV, Starport, Widow Mine x2  
  57  6:44  Widow Mine  
  64  6:48  SCV, Engineering Bay  
  64  6:53  SCV  
  66  7:00  SCV  
  64  7:06  SCV  
  63  7:09  Factory Reactor  
  63  7:10  Starport  
  63  7:12  SCV  
  60  7:18  SCV  
  61  7:24  SCV  
  61  7:29  Starport Reactor  
  62  7:30  SCV  
  63  7:41  Command Center  
  63  7:43  SCV  
  64  7:44  Orbital Command  
  64  7:47  SCV  
  65  7:52  Missile Turret  
  65  7:54  Missile Turret  
  65  7:55  SCV  
  65  7:56  Missile Turret  
  66  7:59  Missile Turret  
  66  8:04  Viking x2  
  66  8:05  SCV  
  71  8:10  SCV  
  71  8:11  Viking x2  
  76  8:20  Refinery  
  76  8:23  Refinery  
  76  8:28  Terran Vehicle and Ship Weapons Level 2  
  76  8:40  SCV  
  77  8:44  SCV  
  77  8:45  Viking x3  
  84  8:53  Factory Reactor  
  84  8:54  Factory Tech Lab, Hellion x2  
  88  8:58  Orbital Command  
  94  9:03  Thor  
  94  9:16  Fusion Core  
  94  9:32  Viking x2  
  94  9:33  Viking x2  
  102  9:39  Missile Turret  
  102  9:40  Missile Turret  
  102  9:41  Missile Turret, Orbital Command  
  102  9:42  Missile Turret x2  
  102  9:49  Thor  
  108  9:55  SCV  
  108  9:56  Supply Depot  
  108  9:57  Supply Depot  
  108  9:58  Supply Depot  
  108  9:59  Supply Depot  
  107  10:07  Supply Depot  
  107  10:09  Widow Mine  
  107  10:10  Supply Depot  
  107  10:17  Viking, Widow Mine x3  
  107  10:18  Thor  
  121  10:23  Viking x2  
  125  10:29  Refinery x2  
  125  10:33  SCV x2  
  125  10:34  SCV  
  125  10:35  SCV  
  129  10:42  Thor  
  129  10:44  Viking  
  129  10:45  SCV  
  138  10:53  SCV x3  
  138  10:56  Supply Depot  
  141  10:57  Supply Depot, SCV  
  141  10:58  Supply Depot, Viking  
  141  11:02  Supply Depot  
  141  11:03  Terran Vehicle and Ship Weapons Level 3  
  144  11:05  SCV  
  145  11:17  Thor, Widow Mine x3  
  145  11:18  Widow Mine  
  157  11:20  SCV  
  160  11:26  SCV  
  160  11:27  SCV x2  
  160  11:28  Missile Turret  
  160  11:29  Viking, Missile Turret  
  160  11:30  Viking  
  160  11:32  SCV  
  168  11:35  Unknown  
  169  11:40  SCV  
  169  11:42  SCV x2  
  169  11:44  SCV  
  172  11:51  Missile Turret  
  172  11:53  SCV  
  173  11:56  Thor, Widow Mine x2  
  173  11:57  Widow Mine x2  
  187  12:03  SCV  
  188  12:09  Supply Depot  
  188  12:10  Supply Depot  
  188  12:18  Command Center  
  188  12:30  Widow Mine x3  
  188  12:31  SCV, Viking x2  
  199  12:50  Widow Mine  
  187  13:00  SCV  
  152  13:08  Viking x3, Widow Mine  
  152  13:09  Widow Mine x2  
  154  13:19  Missile Turret  
  154  13:20  Missile Turret  
  154  13:21  Thor, Missile Turret  
  154  13:22  Thor, Missile Turret  
  154  13:24  Missile Turret  
  164  13:35  Refinery  
  164  13:37  Refinery  
  164  13:42  Widow Mine  
  164  13:43  Widow Mine x2  
  164  13:44  Viking x3  
  164  13:45  Viking  
  164  13:46  Terran Vehicle And Ship Armor Level 1  
  178  13:49  Starport  
  178  13:50  Starport x2  
  175  14:00  Missile Turret  
  175  14:02  Missile Turret  
  172  14:04  Missile Turret  
  169  14:12  SCV  
  165  14:21  Missile Turret  
  165  14:22  SCV, Missile Turret  
  166  14:27  SCV  
  167  14:32  SCV  
  167  14:33  Viking x2  
  167  14:34  Viking  
  167  14:35  Thor x2, Widow Mine x3  
  167  14:36  Viking  
  140  15:00  SCV  
  140  15:02  Widow Mine  
  140  15:03  Viking x3  
  140  15:04  Widow Mine x2  
  140  15:06  Viking  
  117  15:11  Widow Mine  
  119  15:17  Viking x2  
  119  15:18  Widow Mine  
  121  15:38  Viking x2  
  121  15:39  Viking  
  127  15:46  Viking  
  129  15:53  Planetary Fortress  
  129  16:00  Starport Reactor x3  
  129  16:20  Viking x3  
  129  16:21  Viking  
  137  16:26  Thor x2, Widow Mine x3  
  137  16:27  Widow Mine  
  137  16:32  Terran Vehicle And Ship Armor Level 2  
  155  16:49  Viking x4, Barracks  
  163  17:04  Drilling Claws  
  163  17:06  Widow Mine x4  
  171  17:17  Viking x2  
  175  17:26  Viking x2  
  179  17:30  Viking  
  181  17:47  Viking x3  
  187  18:16  Orbital Command  
  185  18:30  Viking x2  
  189  18:37  Viking x2  
  189  18:38  Viking x2  
  113  19:04  Widow Mine x4  
  113  19:05  Thor, Viking  
  83  19:20  Viking x2  
  83  19:24  Widow Mine  
  86  19:38  Viking  
Show
View Real Time Build Order
Export as new Build Order

AgCl Protoss - Winner!

Build Orders: Nexus First 

Get SALT Encoding   

  12  0:02  Probe  
  13  0:14  Probe  
  14  0:42  Pylon  
  14  0:59  Nexus  
  14  1:00  Probe  
  15  1:07  Gateway  
  15  1:12  Probe  
  16  1:18  Assimilator  
  16  1:24  Probe (Chrono Boost)  
  17  1:35  Probe (Chrono Boost)  
  18  1:41  Probe (Chrono Boost)  
  19  1:48  Assimilator  
  19  1:53  Probe (Chrono Boost)  
  20  1:55  Zealot (Chrono Boost)  
  22  2:04  Cybernetics Core  
  22  2:10  Pylon  
  22  2:11  Probe  
  23  2:22  Probe (Chrono Boost)  
  24  2:29  Probe (Chrono Boost)  
  25  2:32  Probe (Chrono Boost)  
  25  2:37  Probe (Chrono Boost)  
  27  2:40  Probe (Chrono Boost)  
  27  2:42  Cybernetics Core  
  28  2:49  Mothership Core (Chrono Boost)  
  31  2:57  Probe (Chrono Boost)  
  31  3:03  Probe x2 (Chrono Boost)  
  32  3:15  Probe  
  32  3:16  Probe  
  32  3:20  Stargate  
  33  3:27  Probe  
  33  3:28  Probe  
  34  3:37  Warp Gate  
  34  3:39  Probe (Chrono Boost)  
  35  3:44  Probe (Chrono Boost)  
  34  3:51  Probe (Chrono Boost)  
  36  3:56  Probe (Chrono Boost)  
  36  4:00  Probe (Chrono Boost)  
  37  4:04  Oracle (Chrono Boost)  
  37  4:05  Probe (Chrono Boost)  
  41  4:25  Probe  
  41  4:26  Probe  
  42  4:37  Probe  
  43  4:38  Probe  
  43  4:39  Pylon  
  43  4:41  Assimilator  
  43  4:42  Pylon  
  44  4:57  Probe (Chrono Boost), Void Ray  
  50  5:03  Probe (Chrono Boost)  
  50  5:13  Probe (Chrono Boost)  
  52  5:16  Probe (Chrono Boost)  
  52  5:20  Forge  
  52  5:21  Probe (Chrono Boost)  
  53  5:24  Probe (Chrono Boost)  
  54  5:28  Probe (Chrono Boost)  
  54  5:33  Assimilator  
  56  5:40  Probe (Chrono Boost), Fleet Beacon  
  52  6:04  Probe (Chrono Boost)  
  53  6:09  Probe (Chrono Boost)  
  53  6:13  Probe (Chrono Boost)  
  53  6:17  Probe (Chrono Boost), Nexus  
  53  6:18  Pylon  
  55  6:21  Carrier (Chrono Boost)  
  55  6:25  Protoss Air Weapons Level 1 (Chrono Boost)  
  55  6:30  Stargate  
  55  6:34  Probe (Chrono Boost)  
  55  6:36  Pylon  
  55  6:39  Probe (Chrono Boost)  
  63  6:40  Graviton Catapult (Chrono Boost)  
  63  6:43  Probe (Chrono Boost)  
  63  6:46  Probe (Chrono Boost)  
  65  6:51  Probe, Photon Cannon  
  65  6:53  Assimilator  
  66  6:57  Probe, Assimilator  
  66  6:59  Carrier (Chrono Boost)  
  67  7:03  Probe  
  68  7:09  Probe  
  70  7:15  Probe  
  76  7:29  Probe x2  
  78  7:33  Carrier (Chrono Boost)  
  78  7:36  Twilight Council, Nexus  
  78  7:37  Photon Cannon  
  78  7:39  Pylon  
  78  7:48  Probe (Chrono Boost)  
  78  7:49  Probe x2 (Chrono Boost)  
  81  7:51  Pylon  
  89  8:01  Probe (Chrono Boost)  
  89  8:02  Protoss Air Weapons Level 2 (Chrono Boost)  
  89  8:03  Probe (Chrono Boost), Photon Cannon  
  89  8:04  Probe (Chrono Boost)  
  90  8:08  Carrier (Chrono Boost)  
  90  8:09  Probe (Chrono Boost)  
  92  8:12  Probe (Chrono Boost)  
  92  8:15  Pylon  
  92  8:18  Templar Archives  
  92  8:31  Probe  
  92  8:32  Probe  
  100  8:34  Probe  
  98  8:43  Probe  
  98  8:45  Probe  
  98  8:48  Psionic Storm  
  100  8:50  Pylon  
  100  8:52  Charge  
  100  8:56  Stargate  
  100  9:00  Zealot  
  102  9:07  Carrier (Chrono Boost)  
  104  9:10  Phoenix (Chrono Boost)  
  104  9:25  Pylon  
  110  9:33  Assimilator x2  
  110  9:37  Photon Cannon  
  110  9:41  Pylon  
  110  9:51  Carrier (Chrono Boost)  
  109  9:57  Pylon  
  109  9:58  Carrier (Chrono Boost)  
  109  9:59  Protoss Ground Weapons Level 1 (Chrono Boost)  
  109  10:04  Stalker  
  109  10:06  Pylon  
  108  10:12  Probe (Chrono Boost)  
  108  10:13  Pylon  
  117  10:16  Probe x2 (Chrono Boost)  
  117  10:21  Protoss Air Armor Level 1 (Chrono Boost)  
  121  10:27  Protoss Air Weapons Level 3 (Chrono Boost)  
  121  10:32  Probe  
  122  10:36  Stalker, Carrier (Chrono Boost)  
  125  10:42  Probe  
  125  10:49  Gateway  
  125  10:50  Gateway  
  125  10:54  Pylon  
  125  10:55  Probe x3  
  125  10:56  Pylon  
  134  10:58  Carrier (Chrono Boost)  
  134  11:04  Carrier (Chrono Boost)  
  134  11:05  Pylon  
  134  11:06  Pylon  
  134  11:07  Robotics Facility  
  146  11:29  Forge  
  146  11:30  High Templar  
  148  11:40  Gateway  
  148  11:42  Gateway x2, Carrier (Chrono Boost)  
  148  11:43  Protoss Ground Weapons Level 2  
  148  11:54  Observer (Chrono Boost)  
  155  12:02  Carrier (Chrono Boost)  
  155  12:04  High Templar  
  155  12:05  High Templar  
  155  12:06  High Templar  
  161  12:09  Observer (Chrono Boost)  
  158  12:24  Gateway  
  158  12:28  Gateway  
  158  12:29  Warp Prism (Chrono Boost)  
  166  12:38  Protoss Air Armor Level 2 (Chrono Boost)  
  166  12:43  Zealot  
  162  12:56  High Templar  
  154  13:08  Carrier x2 (Chrono Boost)  
  154  13:09  High Templar x2  
  170  13:27  Dark Shrine  
  170  13:33  Carrier (Chrono Boost)  
  170  13:40  Pylon  
  168  13:44  Gateway  
  168  13:45  Protoss Shields Level 1 (Chrono Boost)  
  168  13:46  Zealot x4  
  182  14:05  Gateway  
  182  14:06  Pylon  
  182  14:07  Protoss Ground Weapons Level 3 (Chrono Boost)  
  182  14:17  Zealot x4  
  182  14:18  Zealot  
  172  14:34  Zealot x5  
  172  14:35  Zealot x3  
  172  14:36  Carrier (Chrono Boost)  
  188  14:44  Carrier x2 (Chrono Boost)  
  192  15:00  Archon x2  
  192  15:20  Observer (Chrono Boost)  
  193  15:22  Protoss Air Armor Level 3  
  193  15:25  Nexus  
  193  15:29  Assimilator  
  181  15:39  Observer (Chrono Boost)  
  182  15:45  Robotics Bay  
  182  15:58  Pylon  
  182  16:00  Pylon  
  182  16:14  Zealot  
  182  16:15  Zealot x2  
  182  16:16  Dark Templar  
  190  16:23  Warp Prism (Chrono Boost)  
  192  16:26  Protoss Shields Level 2 (Chrono Boost)  
  192  16:29  Protoss Ground Armor Level 1 (Chrono Boost), Assimilator  
  184  16:52  Carrier (Chrono Boost), Photon Cannon  
  184  16:59  Photon Cannon  
  184  17:00  Photon Cannon  
  184  17:01  Pylon  
  184  17:04  Pylon  
  184  17:11  High Templar x2  
  184  17:12  High Templar x2  
  184  17:13  Observer Gravitic Boosters  
  198  17:33  Photon Cannon  
  198  17:34  Photon Cannon  
  198  17:35  Pylon, Photon Cannon x2  
  198  17:38  Photon Cannon  
  198  18:11  Gravitic Drive  
  192  18:30  Gateway  
  192  18:32  Gateway  
  184  18:34  Gateway  
  184  18:37  Gateway  
  120  19:06  Pylon  
  102  19:20  Dark Templar x2  
  97  19:55  Observer (Chrono Boost)  
  96  20:05  Zealot  
  96  20:06  Zealot x2  
Tags
 
Add a new tag
Caveats
  • Supply blocks, unpowered buildings, or Contaminate may cause inaccurate times.
  • Supply counts are checked every 10 seconds.